 Dungeon Crawl Stone Soup version 0.31.0-32-g396128a36d (webtiles) character file.

Game seed: 10159476396704215574

669 monsoonserge the Ruffian (level 7, 0/53 HPs)
             Began as a Gnoll Shapeshifter on Mar 16, 2024.
             Was an Initiate of Wu Jian.
             Slain by Pikel
             ... wielding a +1 whip of flaming
              (2 damage)
             ... on level 4 of the Dungeon.
             The game lasted 00:11:00 (3595 turns).

monsoonserge the Ruffian (Gnoll Shapeshifter)       Turns: 3595, Time: 00:11:01

Health: 0/53       AC:  6    Str: 15    XL:     7   Next: 58%
Magic:  11/11      EV: 11    Int: 10    God:    Wu Jian [......]
Gold:   258        SH:  0    Dex: 17    Spells: 11/11 levels left

rFire   . .          .
                       - Unarmed
rCold   . . .        (no shield)
rNeg    . . .        t - +0 scale mail
rPois   .            (helmet currently unavailable)
rElec   .            (cloak currently unavailable)
rCorr   +            (gloves currently unavailable)
SInv    .            (boots currently unavailable)
Will    .....        (no amulet)
Stlth   +            j - ring of resist corrosion
HPRegen 0.28/turn    q - +6 ring of dexterity
MPRegen 0.12/turn

%: no passive effects
@: beast-form
A: beast (slay +4), fangs 1, strong nose, distributed training
a: Begin Untransformation, Renounce Religion


You were on level 4 of the Dungeon.
You worshipped Wu Jian.
Wu Jian was noncommittal.
You were a hulking beast.
You visited 2 branches of the dungeon, and saw 6 of its levels.
You also visited: Sewer.

You collected 258 gold pieces.

Inventory:

Missiles
 r - 6 poisoned darts (quivered)
Armour
 t - a +0 scale mail (worn)
 y - a +0 leather armour
Jewellery
 j - a ring of resist corrosion (left hand)
 q - a +6 ring of dexterity (right hand)
Talismans
 c - a beast talisman (active)
 d - a flux talisman
 z - a maw talisman
Scrolls
 a - a scroll of fog {unknown}
 g - 5 scrolls of identify {unknown}
 i - a scroll of amnesia {unknown}
 k - a scroll of enchant armour {unknown}
 l - a scroll of poison {unknown}
 n - 2 scrolls of vulnerability {unknown}
 o - 4 scrolls of teleportation {unknown}
 p - a scroll of noise {unknown}
 s - a scroll of fear {unknown}
 w - a scroll of brand weapon {unknown}
 x - a scroll of immolation {unknown}
Potions
 b - a potion of lignification
 e - a potion of curing {unknown}
 f - 2 potions of degeneration {unknown}
 h - 2 potions of berserk rage {unknown}
 m - a potion of attraction {unknown}
 u - 2 potions of heal wounds {unknown}
 v - 4 potions of magic {unknown}


   Skills:
 + Level 3.8 Fighting
 + Level 2.7 Short Blades
 + Level 2.7 Long Blades
 + Level 2.7 Axes
 + Level 2.7 Maces & Flails
 + Level 2.7 Polearms
 + Level 2.7 Staves
 + Level 2.7 Ranged Weapons
 + Level 2.7 Throwing
 + Level 2.7 Armour
 + Level 5.3 Dodging
 + Level 2.7 Stealth
 + Level 2.7 Shields
 + Level 7.1 Unarmed Combat
 + Level 2.7 Spellcasting
 + Level 2.2 Conjurations
 + Level 2.2 Hexes
 + Level 2.2 Summonings
 + Level 2.2 Necromancy
 + Level 2.2 Translocations
 + Level 2.2 Fire Magic
 + Level 2.2 Ice Magic
 + Level 2.2 Air Magic
 + Level 2.2 Earth Magic
 + Level 2.2 Alchemy
 + Level 3.0 Invocations
 + Level 2.7 Evocations
 + Level 7.0 Shapeshifting


You had 11 spell levels left.
You didn't know any spells.
Your spell library contained the following spells:

 Spells                   Type           Power      Damage    Failure   Level
 Freeze                   Ice            20%        1d4       41%         1
 Frozen Ramparts          Ice            10%        1d2       80%         3
 Hailstorm                Conj/Ice       5%         3d5       80%         3
 Inner Flame              Hex/Fire       5%         N/A       80%         3
 Flame Wave               Conj/Fire      5%         2d5       99%         4
 Sticky Flame             Fire/Alch      5%         2d4       99%         4
 Iskenderun's Battlesphe  Conj           5%         2d6       100%        5
 Bombard                  Conj/Erth      2%         9d1       100%        6
 Spellforged Servitor     Conj/Summ      2%         N/A       100%        7


Dungeon Overview and Level Annotations

Branches:
Dungeon (5/15)             Temple (1/1) D:4           Sewer (visited)

Altars:
Cheibriados
Elyvilon
Fedhas
Gozag
Hepliaklqana
Makhleb
Nemelex Xobeh
Sif Muna
Trog
Uskayaw
Vehumet
Wu Jian
Xom
Yredelemnul
Zin

Annotations:
D:4 Pikel


Innate Abilities, Weirdness & Mutations

You are a hulking beast.
Your limbs bulge with bestial killing power. (Slay +4)
You have very sharp teeth.
Your uncanny sense of smell can sniff out nearby items.
Your experience applies equally to all skills.


Message History

You hit the white imp.
The white imp is heavily wounded.
The white imp gestures at you. The puff of frost hits you.
Pikel closely misses you. Pikel hits you but does no damage.
The white imp closely misses you.
You climb upwards.
There is a stone staircase leading down, spattered with blood here.
You see here a +0 short sword.
You punch the white imp!
You kill the white imp!
The Council accepts your kill.
Pikel hits you with a +1 whip of flaming.
Pikel burns you.
Unknown command.
You hit Pikel. Your bite misses Pikel.
Pikel is lightly wounded.
Pikel closely misses you.
You punch Pikel!
Pikel is heavily wounded.
You hit Pikel. Your bite misses Pikel.
Pikel is heavily wounded.
Pikel hits you with a +1 whip of flaming.
Pikel burns you.
You barely miss Pikel.
Pikel is heavily wounded.
Pikel hits you with a +1 whip of flaming.
Pikel burns you.
You hit Pikel. You punch Pikel.
Pikel is severely wounded.
Pikel hits you with a +1 whip of flaming!
* * * LOW HITPOINT WARNING * * *
Pikel burns you.
* * * LOW HITPOINT WARNING * * *
You miss Pikel.
Pikel is severely wounded.
Pikel hits you with a +1 whip of flaming!
* * * LOW HITPOINT WARNING * * *
Pikel burns you.
You die...
Pikel says, "Another soul for the market."

........##.................##.###
........###.......)##.......#....
................#.#####.##..####.
...............##..## ####..###[.
##.##..##...........######.......
#####...###..##.......##.##.....§
.#............###.........#...§§.
......###....<.#.[............§.§
.......##......#h................
.......###.....).K...........####
.........#...###).........#.##
......#....#.# #..........#..#
......###..#.# ##.........(..#
#.#..###...#.# #....###.....#
#.#######.##.#####..## ##....#
...####.......##....# #....#
.........##....#...## #....#


You could see Pikel.

Vanquished Creatures
  Edmund (D:4)
  A crocodile (Sewer)
  3 lemures (D:4)
  A scorpion (D:4)
  2 orc priests (D:4)
  A jelly (D:4)
  3 orc wizards (D:3)
  2 iguanas
  4 gnolls (D:4)
  5 adders
  2 white imps (D:4)
  6 dart slugs
  12 orcs
  4 endoplasms
  3 giant cockroaches (D:2)
  4 hobgoblins
  6 jackals
  12 kobolds
  3 quokkas
  7 ball pythons
  6 bats
  A frilled lizard (D:2)
  8 goblins
97 creatures vanquished.

Notes
Turn   | Place    | Note
-------+----------+-------------------------------------------
     0 | D:1      | monsoonserge the Gnoll Shapeshifter began the quest for the
                  | Orb.
     0 | D:1      | Reached XP level 1. HP: 17/17 MP: 1/1
    94 | D:1      | Found a faded altar of an unknown god.
   207 | D:1      | Reached XP level 2. HP: 22/23 MP: 2/2
   935 | D:2      | Reached XP level 3. HP: 28/28 MP: 3/3
  1263 | D:2      | Reached skill level 1 in Invocations
  1757 | D:3      | Reached skill level 1 in Short Blades
  1757 | D:3      | Reached skill level 1 in Long Blades
  1757 | D:3      | Reached skill level 1 in Axes
  1757 | D:3      | Reached skill level 1 in Maces & Flails
  1757 | D:3      | Reached skill level 1 in Polearms
  1757 | D:3      | Reached skill level 1 in Staves
  1757 | D:3      | Reached skill level 1 in Ranged Weapons
  1757 | D:3      | Reached skill level 1 in Throwing
  1757 | D:3      | Reached skill level 1 in Armour
  1757 | D:3      | Reached skill level 1 in Stealth
  1757 | D:3      | Reached skill level 1 in Shields
  1757 | D:3      | Reached skill level 1 in Spellcasting
  1757 | D:3      | Reached skill level 1 in Evocations
  1889 | D:3      | Reached XP level 4. HP: 30/34 MP: 5/5
  1910 | D:3      | Reached skill level 1 in Conjurations
  1910 | D:3      | Reached skill level 1 in Hexes
  1910 | D:3      | Reached skill level 1 in Summonings
  1910 | D:3      | Reached skill level 1 in Necromancy
  1910 | D:3      | Reached skill level 1 in Translocations
  1910 | D:3      | Reached skill level 1 in Fire Magic
  1910 | D:3      | Reached skill level 1 in Ice Magic
  1910 | D:3      | Reached skill level 1 in Air Magic
  1910 | D:3      | Reached skill level 1 in Earth Magic
  1910 | D:3      | Reached skill level 1 in Alchemy
  1979 | D:3      | Reached XP level 5. HP: 28/40 MP: 7/7
  2459 | D:4      | Noticed Edmund
  2470 | D:4      | Killed Edmund
  2471 | D:4      | Reached skill level 5 in Dodging
  2471 | D:4      | Reached XP level 6. HP: 33/47 MP: 7/9
  2515 | D:4      | Found a glowing drain.
  2524 | Sewer    | Entered a sewer
  2666 | Sewer    | Reached XP level 7. HP: 27/52 MP: 10/10
  3207 | D:4      | Found a staircase to the Ecumenical Temple.
  3214 | Temple   | Entered the Ecumenical Temple
  3229 | Temple   | Became a worshipper of the Wu Jian Council
  3355 | D:4      | Found a sparkling altar of Nemelex Xobeh.
  3399 | D:5      | Entered Level 5 of the Dungeon
  3582 | D:5      | Noticed Pikel
  3595 | D:4      | HP: 2/53 [Pikel/+1 whip of flaming (8)]
  3595 | D:4      | Slain by Pikel

Illustrated notes

Levels and vault maps discovered:
D:1:      kilobyte_arrival_exit_the_forest, layout_basic, basic_ecumenical_altar
D:2:      layout_basic
D:3:      layout_basic
D:4:      layout_cave_pools, nemelex_spade_bored_becter,
          minmay_temple_entry_purple_smoke, portal_sewer_entry_d, uniq_edmund
D:5:      layout_loops_ring, gammafunk_ghost_mausoleum, uniq_pikel
Temple:   eino_narrow_crystal_temple

Skill      XL: |  1  2  3  4  5  6  7 |
---------------+----------------------+-----
Invocations    | 1 2 3 |  3.0
Short Blades   | 1 2 |  2.7
Long Blades    | 1 2 |  2.7
Axes           | 1 2 |  2.7
Maces & Flails | 1 2 |  2.7
Polearms       | 1 2 |  2.7
Staves         | 1 2 |  2.7
Ranged Weapons | 1 2 |  2.7
Throwing       | 1 2 |  2.7
Armour         | 1 2 |  2.7
Stealth        | 1 2 |  2.7
Shields        | 1 2 |  2.7
Spellcasting   | 1 2 |  2.7
Evocations     | 1 2 |  2.7
Conjurations   | 1 2 |  2.2
Hexes          | 1 2 |  2.2
Summonings     | 1 2 |  2.2
Necromancy     | 1 2 |  2.2
Translocations | 1 2 |  2.2
Fire Magic     | 1 2 |  2.2
Ice Magic      | 1 2 |  2.2
Air Magic      | 1 2 |  2.2
Earth Magic    | 1 2 |  2.2
Alchemy        | 1 2 |  2.2
Fighting       | 3 |  3.8
Dodging        | 5 |  5.3
Unarmed Combat | 7 |  7.1
Shapeshifting  | 7 |  7.0

Action                     |  1- 3 |  4- 6 |  7- 9 || total
---------------------------+-------+-------+-------++-------
  Melee: Unarmed           |    73 |   106 |    91 ||   270
         Bite              |     7 |    11 |     8 ||    26
         Punch             |       |     3 |     5 ||     8
   Fire: Sling             |    11 |       |       ||    11
  Throw: Dart              |       |     5 |     5 ||    10
    Use: Potion            |       |     1 |       ||     1
 Armour: Animal skin       |     4 |       |       ||     4
         Skin              |    22 |    36 |       ||    58
         Scale mail        |       |    14 |    55 ||    69
  Dodge: Dodged            |    64 |    63 |    48 ||   175
   Form: Flux              |     1 |     1 |     1 ||     3
         Beast             |       |     2 |     1 ||     3
                           |       |     1 |       ||     1
